Cogmind - Beta 15 @@@ ROGUE MODE // 2025.05.21 @ 16:11:05 Player: Minty Result: Destroyed by P-80 Master with Gamma Rifle Performance ------------- Evolutions (7) 3500 Regions Visited (14) 2800 Robots Destroyed (157) 785 Value Destroyed (6419) 6419 Prototype IDs (30) 600 Alien Tech Used (1) 200 Bonus (2608) 2608 TOTAL SCORE: 16912 Bonus ------- High Alert Combat Kills 367 Follower Combat Kills 963 Registered with UFD 300 Met Optimus in HQ 500 Scanned by Researcher 500 Friendly Fire -22 Cogmind --------- Core Integrity 0/1300 Matter 252/300 Energy 150/150 System Corruption 27% Temperature Cool (0) Movement Hovering (60) Location -3/Protoforge Parts ------- > --- POWER (2) -------- Micro Antimatter Reactor > --- PROPULSION (5) --- Improved Antigrav System > --- UTILITY (10) ----- Gravity Neutralizer Advanced Visual Processing Unit Advanced Melee Analysis Suite Advanced Target Analyzer Advanced Target Analyzer Improved Armor Integrity Analyzer Improved Armor Integrity Analyzer Improved Armor Integrity Analyzer Long-range Tractor Beam > --- WEAPON (4) ------- Spear > --- INVENTORY (5) ---- Particle Reactor Subatomic Replicator Heavy Proton Cannon Core Cannon Peak State ------------ > --- POWER ------------ Fusion Reactor Fusion Reactor > --- PROPULSION ------- Centrium Wheel Centrium Wheel Centrium Wheel Centrium Wheel Centrium Wheel > --- UTILITY ---------- Advanced Thermal Generator Improved Heat Sink Advanced Cooling System Huge Storage Unit Improved Armor Integrity Analyzer Heavy Servo Lattice Advanced Focal Shield Improved Thermal Shield EM Shield Advanced Shield Generator > --- WEAPON ----------- Compact HERF Cannon Matter Neutralizer Core Cannon > --- INVENTORY -------- Fusion Reactor Light Antimatter Reactor Improved Fusion Compressor Gravity Neutralizer Structural Scanner Improved Armor Integrity Analyzer Improved Armor Integrity Analyzer Improved Kinecellerator Improved Kinecellerator Heavy Servo Lattice Advanced System Shield Long-range Tractor Beam Long-range Tractor Beam Tesla Rifle Tesla Rifle Improved Arc Projector Improved Arc Projector Heavy Proton Cannon Heavy Proton Cannon Advanced Plasma Cannon Advanced Plasma Cannon Linear Accelerator Molecular Scythe Spear [Rating: 161] Favorites ----------- Power Fission Core Engine Ion Engine Power Core Fission Core Reactor Fusion Reactor Propulsion Centrium Wheel Treads Light Treads Leg Overtuned Flexi-carbon Leg Wheel Centrium Wheel Hover Unit Improved Antigrav System Flight Unit Biomechanical Wings Utility Hacking Suite Device Scrap Suit Storage Large Storage Unit Processor Improved Targeting Computer Hackware Hacking Suite Protection Layered Medium Armor Plating Weapon Improved Medium Laser Energy Gun Improved Medium Laser Energy Cannon Beam Cannon Ballistic Gun KE Penetrator Ballistic Cannon Linear Accelerator Launcher EMP Blaster Impact Weapon Mace Slashing Weapon Molecular Scythe Piercing Weapon Spear Build | -11 -10 -10 -9 -9 -9 -9 -6 -5 -5 -5 -4 -3 -3 -3 ------- Run | Yrd Mat Min Mat Sto Rec Scr Fac Fac Was Fac Fac Res Qua Frg Slots Evolved 14 | . . . 2 . . . 6 2 . . 2 2 . . Power 1 | . . . . . . . . . . . 1 . . . Propulsion 3 | . . . . . . . 2 . . . . 1 . . Utility 8 | . . . 2 . . . 3 1 . . 1 1 . . Weapon 2 | . . . . . . . 1 1 . . . . . . Parts Attached 197 | . 8 . 14 7 15 13 10 26 3 9 32 4 46 10 Power 24 | . 1 . 1 2 1 1 . 2 . 2 3 2 8 1 Engine 8 | . 1 . 1 2 1 . . 2 . 1 . . . . Core 6 | . . . . . . 1 . . . . 3 1 1 . Reactor 10 | . . . . . . . . . . 1 . 1 7 1 Propulsion 47 | . 4 . 2 2 3 7 . 7 1 2 4 1 10 4 Treads 6 | . . . 2 2 1 . . . . . . . 1 . Leg 17 | . . . . . . 4 . 5 . . . . 8 . Wheel 16 | . 4 . . . 2 3 . 1 . . 4 1 1 . Hover 6 | . . . . . . . . . . 2 . . . 4 Flight 2 | . . . . . . . . 1 1 . . . . . Utility 78 | . 2 . 5 2 6 3 8 11 2 4 12 . 18 5 Device 40 | . . . 4 1 2 2 2 5 1 4 8 . 10 1 Storage 6 | . 1 . 1 . . . 1 . 1 . 1 . 1 . Processor 18 | . . . . 1 3 . . 4 . . 3 . 4 3 Hackware 7 | . . . . . . . 3 2 . . . . 1 1 Protection 7 | . 1 . . . 1 1 2 . . . . . 2 . Artifact . | . . . . . . . . . . . . . . . Weapon 48 | . 1 . 6 1 5 2 2 6 . 1 13 1 10 . Energy Gun 16 | . 1 . 3 . . 1 1 . . . 8 1 1 . Energy Cannon 10 | . . . 2 . 1 . . . . 1 3 . 3 . Ballistic Gun 12 | . . . . . 3 1 1 3 . . . . 4 . Ballistic Cannon 3 | . . . . . . . . 2 . . . . 1 . Launcher 3 | . . . 1 1 . . . 1 . . . . . . Special Weapon . | . . . . . . . . . . . . . . . Impact Weapon 1 | . . . . . 1 . . . . . . . . . Slashing Weapon 1 | . . . . . . . . . . . . . 1 . Piercing Weapon 2 | . . . . . . . . . . . 2 . . . Special Melee Weapon . | . . . . . . . . . . . . . . . Unidentified Prototypes 14 | . . . 1 . . . . 4 2 2 1 . 4 . Corrupted Parts 3 | . . . . . 1 . . . . . . 1 1 . System Corruption 8 | . . . . . 1 . . . . . . 2 5 . Parts Lost 98 | . 2 . 1 1 9 . . 21 1 8 6 2 37 10 Power 13 | . . . . . 1 . . 2 . 1 . 1 6 2 Propulsion 28 | . 1 . . . 2 . . 6 . 4 . . 10 5 Utility 34 | . . . 1 1 2 . . 8 1 2 3 . 14 2 Weapon 23 | . 1 . . . 4 . . 5 . 1 3 1 7 1 Highest Loss Streak 17 | . 2 . 1 1 7 . . 17 1 8 3 2 15 7 To Critical Strikes . | . . . . . . . . . . . . . . . Average Backups 15 | . 7 7 13 14 14 14 15 17 4 4 15 23 21 11 Power . | . . . . . . . . . . . . . 2 2 Propulsion . | . 2 3 1 1 . 1 1 1 . . 1 . . . Utility 7 | . 1 2 3 4 6 7 8 8 1 2 8 13 10 3 Weapon 5 | . . . 6 8 7 5 4 5 3 2 5 9 8 4 Tool/Special . | . . . . . . . . . . . . . . . Unused Backups 36 | . 1 . . 3 . 7 2 12 . . 7 . . 4 Power 2 | . . . . . . . 1 . . . . . . 1 Propulsion 3 | . . . . . . . 1 1 . . 1 . . . Utility 19 | . 1 . . 1 . 4 . 7 . . 5 . . 1 Weapon 8 | . . . . . . 3 . 3 . . 1 . . 1 Tool/Special 4 | . . . . 2 . . . 1 . . . . . 1 Average Slot Usage (%) 84 | . 91 85 86 98 84 86 90 89 34 49 85 82 76 65 Engine 2 | . 13 14 11 11 8 . . 2 . . . . . . Core 3 | . . . . . . 10 6 2 . . 7 8 . . Reactor 1 | . . . . . . . . . . 3 . . 7 6 Treads 2 | . . . 19 21 7 . . . . . . . 1 . Leg 9 | . 5 . . . . 13 25 21 . . . . 6 7 Wheel 8 | . 22 28 2 . 12 7 . . . . 20 23 10 . Device 11 | . . . 10 21 10 7 10 13 5 14 16 19 14 6 Storage 7 | . 14 14 11 11 11 11 6 4 2 4 4 4 5 1 Processor 9 | . . . . 4 18 8 . 5 5 5 11 14 13 27 Hackware 3 | . . . . . . . 13 12 9 5 4 . . 1 Protection 3 | . 6 14 11 6 . 6 6 2 . . . . . . Energy Gun 8 | . 16 14 17 3 . 16 12 3 . 2 10 11 3 . Energy Cannon 3 | . . . 2 17 7 . . . . . 4 . 4 1 Ballistic Gun 4 | . 10 . . . 5 2 6 15 . 1 . . 2 . Peak Build Rating 161 | . 7 6 17 17 17 45 68 95 44 64 120 117 161 110 Average Rating 59 | . 6 6 13 15 14 35 63 81 29 43 97 109 107 90 On Entrance 36 | 6 6 6 6 17 15 13 42 68 20 30 11 100 117 83 Naked Turns . | . . . . . . . . . . . . . . . Heaviest Build 187 | 14 17 13 36 37 37 52 73 95 6 23 145 123 187 95 Greatest Support 107 | 20 20 20 40 40 40 46 84 107 16 30 64 80 100 100 Greatest Overweight (x) 43 | . 1 . . 1 2 15 . 1 . 1 2 1 43 1 Average Overweight (x) . | . . . . . . . . . . . 1 1 2 . Largest Inventory Capacity 25 | . 8 8 15 15 15 15 20 20 5 5 25 25 25 25 Average Capacity 17 | . 8 8 13 15 15 15 17 19 5 5 24 25 25 12 Most Carried 25 | . 8 7 15 15 15 15 20 20 5 5 25 24 25 25 Average Carried 16 | . 7 7 13 14 14 14 16 18 4 4 15 22 22 11 Final Capacity 25 | 8 8 8 15 15 15 15 20 5 5 5 25 25 25 5 Final Carried 25 | 6 7 7 15 15 15 15 20 5 4 5 25 21 25 5 Class Distribution -------------------- 26% | Mutant 19% | Commander-Mutant 12% | Hacker-Scrapper 11% | Scavenger-Gunner 9% | Scavenger-Mutant 5% | Commander-Scrapper 3% | Hacker-Gunner 3% | Tank Dominant Class ---------------- Mutant | -10/Materials Mutant | -10/Mines Mutant | -9/Materials Mutant | -9/Storage Mutant | -9/Recycling Commander-Mutant | -9/Scraptown Hacker-Scrapper | -6/Factory Hacker-Scrapper | -5/Factory Mutant | -5/Waste Scout | -5/Factory Scavenger-Gunner | -4/Factory Mutant | -3/Research Scavenger-Mutant | -3/Quarantine Scavenger-Mutant | -3/Protoforge Resources | -11 -10 -10 -9 -9 -9 -9 -6 -5 -5 -5 -4 -3 -3 -3 ----------- Run | Yrd Mat Min Mat Sto Rec Scr Fac Fac Was Fac Fac Res Qua Frg Matter Collected 5404 | 200 268 . 158 132 233 740 509 1119 . 116 488 166 1143 132 Remotely 38 | . . . 38 . . . . . . . . . . . Salvage Created 7309 | . 220 . 245 741 1107 . 585 1047 . 142 720 236 2134 132 Parts 373 | . 14 . 15 50 31 . 25 50 . 5 49 7 115 12 Haulers Intercepted 2 | . 1 . . . . . . . . 1 . . . . Recyclers Shooed 12 | . . . . . 4 . . 4 . . 3 . 1 . Parts Field Recycled . | . . . . . . . . . . . . . . . Retrieved Matter . | . . . . . . . . . . . . . . . Parts Self-Destructed . | . . . . . . . . . . . . . . . Prevented . | . . . . . . . . . . . . . . . Kills | -11 -10 -10 -9 -9 -9 -9 -6 -5 -5 -5 -4 -3 -3 -3 ------- Run | Yrd Mat Min Mat Sto Rec Scr Fac Fac Was Fac Fac Res Qua Frg Combat Hostiles Destroyed 108 | . 4 . 5 17 11 . 6 19 . . 13 3 28 2 Melee 19 | . . . . . 1 . . . . . 2 . 14 2 Guns 37 | . 4 . 3 . 3 . 5 14 . . 3 . 5 . Cannons 28 | . . . . 12 3 . . . . . 5 . 8 . AOE 19 | . . . 2 5 4 . . 5 . . 2 1 . . Classes Destroyed 17 | . 6 . 2 3 2 . . 3 . . . . 1 . Worker 11 | . 2 . . . 1 . 2 1 . 2 3 . . . Builder 10 | . . . . 1 1 . 1 3 . . 2 . 2 . Tunneler 1 | . . . . . . . . 1 . . . . . . Hauler 2 | . 1 . . . . . . . . 1 . . . . Recycler 9 | . . . . 1 5 . 1 . . . 1 . 1 . Mechanic 2 | . 1 . . 1 . . . . . . . . . . Operator 5 | . . . 1 1 . . 1 1 . . . . 1 . Watcher 5 | . 1 . 1 1 . . . . . 1 . . 1 . Swarmer 22 | . 3 . . 4 . . 1 . . . 10 . 4 . Grunt 44 | . 1 . 4 9 1 . 4 9 . . 1 3 12 . Brawler 2 | . . . . 1 . . . 1 . . . . . . Duelist 1 | . . . . . 1 . . . . . . . . . Protector 1 | . . . . . . . . 1 . . . . . . Researcher 4 | . . . . . . . . . . . . . 4 . Sentry 15 | . . . 1 3 8 . . . . . . . 3 . Hunter 6 | . . . . . . . . 2 . . . . 4 . Programmer 17 | . . . . . 1 . 1 6 . . 2 . 5 2 Best Kill Streak 14 | . 4 . 3 9 7 . 4 14 . 3 9 3 8 1 Combat Bots Only 10 | . 3 . 3 7 5 . 1 10 . . 5 3 8 1 Max Kills in Single Turn 3 | . 1 . 2 3 2 . 2 2 . 3 2 1 2 1 Gunslinging . | . . . . . . . . . . . . . . . Exploded 2 | . . . 1 2 2 . . 2 . . 2 1 . . Melee 1 | . . . . . 1 . . . . . 1 . 1 1 Uniques/NPCs Destroyed . | . . . . . . . . . . . . . . . Combat | -11 -10 -10 -9 -9 -9 -9 -6 -5 -5 -5 -4 -3 -3 -3 -------- Run | Yrd Mat Min Mat Sto Rec Scr Fac Fac Was Fac Fac Res Qua Frg Hostile Shots Fired 1195 | . 50 . 25 59 52 . 54 205 1 70 106 18 502 53 Missed 357 | . 10 . 6 18 14 . 19 52 1 38 32 8 145 14 Hits 838 | . 40 . 19 41 38 . 35 153 . 32 74 10 357 39 Melee 10 | . . . . 1 2 . . 7 . . . . . . Projectile 828 | . 40 . 19 40 36 . 35 146 . 32 74 10 357 39 Critical Strikes 32 | . 1 . . 1 1 . . 9 . 2 1 1 15 1 Part Disruptions 7 | . . . . . . . . 2 . . . . 4 1 Damage Taken 14754 | . 493 . 237 524 710 . 512 3393 20 764 1208 193 5788 912 Core 2605 | . 204 . 29 92 126 . 99 499 . 286 91 . 876 303 Absorbed by Shields 700 | . . . . . . . . . . . . . 700 . Redirected to Shielding 28 | . 18 . 7 3 . . . . . . . . . . Ignored by Resistances 796 | . . . . . . . . . . . 46 71 679 . Regen/Repaired (Parts) 438 | . . . . 86 . . 148 159 . . 45 . . . Core Remaining (%) 59 | 100 . 18 . . . 38 88 . . 21 92 . . . Volleys Fired 312 | . 27 . 15 41 26 . 28 62 . 5 25 8 75 . Largest 4 | . 2 . 2 2 2 . 3 4 . 3 4 4 4 . Hottest 361 | . 90 . 112 120 128 . 155 191 . 177 277 260 361 . Shots Fired 735 | . 53 . 27 77 47 . 82 199 . 4 58 23 165 . Gun 530 | . 53 . 25 10 22 . 82 184 . 2 36 23 93 . Cannon 184 | . . . . 65 21 . . 2 . 2 22 . 72 . Launcher 21 | . . . 2 2 4 . . 13 . . . . . . Special . | . . . . . . . . . . . . . . . Kinetic 275 | . 16 . . . 8 . 28 158 . 4 . . 61 . Thermal 304 | . 27 . 25 75 35 . 54 25 . . 21 . 42 . Explosive 15 | . . . . 2 . . . 13 . . . . . . Electromagnetic 141 | . 10 . 2 . 4 . . 3 . . 37 23 62 . Robot Hit Streak 22 | . 7 . 12 7 22 . 6 10 . 1 8 8 16 . Robot Miss Streak 7 | . 3 . 4 3 1 . 4 7 . 2 6 2 3 . Penetration Max 2 | . . . . . . . . 1 . 1 . . 2 . Secondary Targets 13 | . 1 . . . 1 . 3 3 . . 2 . 3 . Max Gunslinging Chain 1 | . 1 . . . 1 . 1 1 . . 1 . 1 . Shots Hit Robots 516 | . 30 . 18 47 46 . 45 107 . 1 41 17 148 16 Core Hits 260 | . 12 . 8 27 22 . 20 67 . 3 26 7 63 5 Critical Kills 11 | . . . . . 1 . 2 5 . 1 . . 2 . Critical Parts Destroyed 16 | . . . . . . . . 3 . . . . 13 . Critical Strikes 50 | . 1 . 1 1 2 . 6 8 . 1 1 1 28 . Burn 8 | . 1 . 1 1 1 . 4 . . . . . . . Destroy 26 | . . . . . . . 2 8 . 1 . . 15 . Blast 3 | . . . . . . . . . . . . . 3 . Corrupt 2 | . . . . . . . . . . . . 1 1 . Smash 1 | . . . . . 1 . . . . . . . . . Sever 7 | . . . . . . . . . . . . . 7 . Impale 3 | . . . . . . . . . . . 1 . 2 . Melee Attacks 108 | . . . . . 6 . . . . . 11 . 70 21 Impact 6 | . . . . . 6 . . . . . . . . . Slashing 53 | . . . . . . . . . . . . . 53 . Piercing 49 | . . . . . . . . . . . 11 . 17 21 Sneak Attacks 12 | . . . . . 5 . . . . . 3 . 4 . Combat Hostiles 3 | . . . . . 1 . . . . . . . 2 . Follow-up Attacks 6 | . . . . . . . . . . . 2 . 4 . Damage Inflicted 19736 | . 583 . 397 1209 1448 . 983 4689 . 855 1298 443 7349 482 Guns 7414 | . 376 . 326 105 326 . 942 3083 . 59 362 267 1568 . Cannons 4937 | . . . . 759 338 . . 40 . . 333 . 3467 . Explosions 3795 | . 195 . 63 345 483 . . 1519 . 778 240 172 . . Melee 3433 | . . . . . 301 . . . . . 345 . 2305 482 Ramming 157 | . 12 . 8 . . . 41 47 . 18 18 4 9 . Kinetic 4690 | . 85 . . . 85 . 366 2836 . 59 . . 1259 . Thermal 7417 | . 409 . 326 864 779 . 576 278 . 778 573 172 2662 . Explosive 1815 | . . . . 345 . . . 1470 . . . . . . Electromagnetic 2224 | . 77 . 63 . 283 . . 58 . . 362 267 1114 . Impact 301 | . . . . . 301 . . . . . . . . . Slashing 2033 | . . . . . . . . . . . . . 2033 . Piercing 1099 | . . . . . . . . . . . 345 . 272 482 Highest Corruption 53 | . . . . 3 4 . . 45 52 53 1 2 20 27 Average Corruption 12 | . . . . 3 3 . . 13 49 52 1 2 11 22 Corruption Purged . | . . . . . . . . . . . . . . . Corruption Blocked . | . . . . . . . . . . . . . . . Effects 140 | . . . . 1 18 . . 25 5 22 3 1 57 8 Message Errors 30 | . . . . . 5 . . 6 1 2 . . 14 2 Matter Fused 30 | . . . . 1 4 . . 6 . 5 . . 12 2 Heat Flow Errors 12 | . . . . . 1 . . 1 . 1 . 1 7 1 Energy Discharges 17 | . . . . . 4 . . 3 . 2 1 . 7 . Parts Rejected 4 | . . . . . . . . . 1 . . . 2 1 Parts Fused 2 | . . . . . . . . 1 . 1 . . . . Data Loss (minor) 11 | . . . . . 1 . . 3 1 1 . . 3 2 Data Loss (major) 2 | . . . . . 2 . . . . . . . . . Misfires 5 | . . . . . 1 . . . . . 2 . 2 . Alerts 1 | . . . . . . . . . . . . . 1 . Misdirections 13 | . . . . . . . . 1 2 8 . . 2 . Weapon Failures 13 | . . . . . . . . 4 . 2 . . 7 . Overload Shots . | . . . . . . . . . . . . . . . Overflow Damage 1988 | . 108 . . 10 151 . 6 25 . 313 54 33 1285 3 Projectiles 1166 | . . . . . 10 . . 2 . . 8 . 1146 . Explosions 516 | . 108 . . 10 29 . . 23 . 313 . 33 . . Melee 306 | . . . . . 112 . 6 . . . 46 . 139 3 Knockbacks 10 | . . . . . 1 . . 1 . . 1 . 7 . Impact 2 | . . . . . 1 . . . . . 1 . . . Kinetic 7 | . . . . . . . . 1 . . . . 6 . Secondary 1 | . . . . . . . . . . . . . 1 . Self-Inflicted Damage 555 | . 101 . . 38 120 . . 203 . 9 27 53 4 . Shots 16 | . 1 . . 1 5 . . 7 . . 1 1 . . Rammed 16 | . . . . . 1 . . 11 . 1 1 1 1 . Targets Rammed 22 | . 1 . 1 . 1 . 3 12 . 1 1 1 1 . Kicked 5 | . 1 . . . . . 3 1 . . . . . . Crushed 1 | . . . 1 . . . . . . . . . . . Highest Temperature 342 | . 342 . 42 126 220 . 258 219 . 217 96 219 331 146 Average Temperature 75 | . 92 . 14 37 71 . 66 88 . 118 43 59 95 88 Received Heat Transfer 2485 | . 156 . 105 195 198 . 162 748 . 36 54 91 740 . Siege Activations . | . . . . . . . . . . . . . . . Martial Activations . | . . . . . . . . . . . . . . . Shielding Activations . | . . . . . . . . . . . . . . . Robots Disrupted 4 | . . . . . . . . . . . . 3 1 . Combat Hostiles 4 | . . . . . . . . . . . . 3 1 . Robots Corrupted 8 | . . . . . 3 . 1 . . . 1 2 1 . Combat Hostiles 4 | . . . . . . . . . . . 1 2 1 . Parts Fried 7 | . . . . . 1 . . . . . 1 2 3 . Impact Corruptions 6 | . . . . . 5 . 1 . . . . . . . Robots Melted 1 | . . . . . . . 1 . . . . . . . Combat Hostiles 1 | . . . . . . . 1 . . . . . . . Parts Melted 19 | . 3 . 3 5 . . 4 3 . . 1 . . . Heat Transferred 8909 | . 853 . 777 1850 1458 . 1468 457 . 450 700 100 796 . Parts Sabotaged . | . . . . . . . . . . . . . . . Parts Stolen . | . . . . . . . . . . . . . . . Parts Stripped . | . . . . . . . . . . . . . . . Power Chain Reactions 7 | . . . . . 3 . . 1 . . 2 1 . . Alert | -11 -10 -10 -9 -9 -9 -9 -6 -5 -5 -5 -4 -3 -3 -3 ------- Run | Yrd Mat Min Mat Sto Rec Scr Fac Fac Was Fac Fac Res Qua Frg Maximum Alert Level 3 | . . . . 1 1 . 3 3 1 1 . . 1 . Low Security (%) 63 | . 100 100 100 72 92 . 25 19 . 69 100 100 52 100 Level 1 19 | . . . . 27 7 . 6 26 100 30 . . 47 . Level 2 15 | . . . . . . . 65 48 . . . . . . Level 3 1 | . . . . . . . 2 4 . . . . . . Level 4 . | . . . . . . . . . . . . . . . Level 5 . | . . . . . . . . . . . . . . . High Security . | . . . . . . . . . . . . . . . Max Security . | . . . . . . . . . . . . . . . Peak Influence 774 | . 116 45 63 352 211 . 711 774 249 280 180 97 381 198 Initial 285 | . . 45 13 17 136 . . 285 249 153 113 72 54 198 Average 212 | . 49 41 16 121 145 . 412 405 237 168 74 63 212 155 Influence Increases 5635 | . 236 . 163 551 376 . 1081 1213 . 279 406 95 1183 52 Destroy 0b10 Robot/C 2780 | . 80 . 100 340 220 . 520 520 . . 260 60 640 40 Destroy 0b10 Robot/NC 255 | . 25 . 10 25 45 . 35 40 . 20 30 . 25 . Destroy Leader 476 | . 24 . 32 82 . . 90 122 . 4 30 . 82 10 Allied During Kill 367 | . . . . . 6 . 275 86 . . . . . . Successful Hack 144 | . 8 . 6 28 6 . 37 10 . 25 24 . . . Select Force Hacks 120 | . 30 . . . 90 . . . . . . . . . Disable Machine 540 | . 30 . . 45 . . 90 120 . 60 30 . 165 . Destroy Structure 518 | . 24 . . 31 9 . 34 240 . 50 32 20 76 2 Partial Spotted 15 | . . . 15 . . . . . . . . . . . Lose Combat Pursuer 420 | . 15 . . . . . . 75 . 120 . 15 195 . Influence Decreases 5555 | . 120 81 155 242 674 54 497 1083 495 266 499 137 926 326 Entered New Map 1604 | . . 71 22 26 216 54 . 299 465 66 119 67 43 156 Time Decay 2651 | . 100 10 133 206 368 . 307 434 20 120 320 50 513 70 Lost Part 970 | . 20 . . 10 90 . . 210 10 80 60 20 370 100 Lost Ally 180 | . . . . . . . 40 140 . . . . . . Purge Threat 150 | . . . . . . . 150 . . . . . . . Squads Dispatched 49 | . 3 . 2 6 . . 5 14 . 6 2 2 9 . Investigation 21 | . 3 . 1 4 . . 3 5 . 3 1 1 . . Extermination 8 | . . . . . . . 1 2 . 1 1 . 3 . Reinforcement 16 | . . . 1 1 . . 1 5 . 2 . . 6 . Assault 2 | . . . . . . . . 2 . . . . . . Garrison 2 | . . . . 1 . . . . . . . 1 . . Intercept . | . . . . . . . . . . . . . . . Searches Triggered . | . . . . . . . . . . . . . . . Construction Impeded 4 | . . . . . . . 1 3 . . . . . . Haulers Reinforced 2 | . . . . . . . . . . 1 . . 1 . Active Scanning Responses . | . . . . . . . . . . . . . . . Cargo Convoy Interrupts . | . . . . . . . . . . . . . . . Stealth | -11 -10 -10 -9 -9 -9 -9 -6 -5 -5 -5 -4 -3 -3 -3 --------- Run | Yrd Mat Min Mat Sto Rec Scr Fac Fac Was Fac Fac Res Qua Frg Distress Signals 3 | . . . . . . . . . . 1 . 1 1 . Communications Jammed . | . . . . . . . . . . . . . . . Distress Signals . | . . . . . . . . . . . . . . . Times Spotted 219 | . 11 . 9 26 7 . 27 33 6 24 20 4 48 4 Peak Tracking Total 13 | . 4 . 3 4 5 . 6 7 6 13 6 3 9 3 Tactical Retreats 16 | . 1 . . . . . . 2 . 2 . 1 10 . Traps | -11 -10 -10 -9 -9 -9 -9 -6 -5 -5 -5 -4 -3 -3 -3 ------- Run | Yrd Mat Min Mat Sto Rec Scr Fac Fac Was Fac Fac Res Qua Frg Traps Triggered 2 | . . . . 1 . . . 1 . . . . . . Indirectly . | . . . . . . . . . . . . . . . Trap Hack Attempts . | . . . . . . . . . . . . . . . Triggered . | . . . . . . . . . . . . . . . Disarmed . | . . . . . . . . . . . . . . . Reprogrammed . | . . . . . . . . . . . . . . . Reused . | . . . . . . . . . . . . . . . Traps Extracted . | . . . . . . . . . . . . . . . Installed . | . . . . . . . . . . . . . . . Triggered . | . . . . . . . . . . . . . . . Objects Rigged 3 | . 3 . . . . . . . . . . . . . Machines | -11 -10 -10 -9 -9 -9 -9 -6 -5 -5 -5 -4 -3 -3 -3 ---------- Run | Yrd Mat Min Mat Sto Rec Scr Fac Fac Was Fac Fac Res Qua Frg Machines Disabled 37 | . 2 . . 3 . . 6 8 . 4 2 . 12 . Max in Single Turn 5 | . 2 . . 2 . . 1 3 . 4 1 . 5 . Garrison Access 1 | . . . . . . . 1 . . . . . . . Machines Repaired . | . . . . . . . . . . . . . . . Machines Dismantled . | . . . . . . . . . . . . . . . Machines Sabotaged . | . . . . . . . . . . . . . . . Overloaded Fab Kills . | . . . . . . . . . . . . . . . Hacking | -11 -10 -10 -9 -9 -9 -9 -6 -5 -5 -5 -4 -3 -3 -3 --------- Run | Yrd Mat Min Mat Sto Rec Scr Fac Fac Was Fac Fac Res Qua Frg Machines Accessed 49 | . 5 . 1 7 6 . 11 6 . 6 2 2 1 2 Terminals 28 | . 3 . 1 6 3 . 9 1 . 2 1 . 1 1 Fabricators . | . . . . . . . . . . . . . . . Repair Stations 7 | . 1 . . 1 . . . 2 . 2 1 . . . Recycling Units 11 | . 1 . . . 3 . 1 3 . 2 . 1 . . Scanalyzers 1 | . . . . . . . . . . . . . . 1 Garrison Access 2 | . . . . . . . 1 . . . . 1 . . Total Hacks 118 | . 17 . 3 18 18 . 29 9 . 11 3 5 2 3 Successful 59 | . 7 . 1 10 10 . 18 6 . 3 2 . 1 1 Failed 58 | . 10 . 2 8 8 . 10 3 . 8 1 5 1 2 Catastrophic 11 | . . . 1 3 1 . 1 . . 2 . 1 1 1 Database Lockouts 1 | . . . . . . . 1 . . . . . . . Manual 81 | . 9 . 4 10 11 . 26 7 . 8 2 4 . . Terminals 77 | . 12 . 3 15 9 . 27 2 . 3 2 . 2 2 Fabricators . | . . . . . . . . . . . . . . . Repair Stations 13 | . 3 . . 3 . . . 2 . 4 1 . . . Recycling Units 25 | . 2 . . . 9 . 1 5 . 4 . 4 . . Scanalyzers 1 | . . . . . . . . . . . . . . 1 Garrison Access 2 | . . . . . . . 1 . . . . 1 . . Terminal Hacks 23 | . 1 . 1 6 1 . 10 1 . 1 . . 1 1 Robot Schematic 1 | . . . . 1 . . . . . . . . . . Robot Analysis 2 | . . . 1 . . . 1 . . . . . . . Open Door 1 | . . . . 1 . . . . . . . . . . Level Access Points 1 | . . . . . . . 1 . . . . . . . Terminal Index 3 | . 1 . . 1 . . 1 . . . . . . . Recycling Unit Index 1 | . . . . . . . 1 . . . . . . . Alert Level 7 | . . . . 1 1 . 3 . . . . . 1 1 Unreport Threat 1 | . . . . . . . 1 . . . . . . . Locate Traps 2 | . . . . 1 . . . 1 . . . . . . Dispatch Records 1 | . . . . . . . 1 . . . . . . . Patrol Status 1 | . . . . . . . . . . 1 . . . . Investigation Status 1 | . . . . . . . 1 . . . . . . . Recall Investigation 1 | . . . . 1 . . . . . . . . . . Fabricator Hacks . | . . . . . . . . . . . . . . . Repair Station Hacks 5 | . 2 . . 2 . . . . . 1 . . . . Scan Component 2 | . 1 . . 1 . . . . . . . . . . Repair 2 | . 1 . . 1 . . . . . . . . . . Refit 1 | . . . . . . . . . . 1 . . . . Recycling Unit Hacks 5 | . 1 . . . 4 . . . . . . . . . Report Inventory 3 | . 1 . . . 2 . . . . . . . . . Retrieve Components 2 | . . . . . 2 . . . . . . . . . Scanalyzer . | . . . . . . . . . . . . . . . Garrison Access Hacks 1 | . . . . . . . 1 . . . . . . . Seal Access 1 | . . . . . . . 1 . . . . . . . Unauthorized Hacks 24 | . 3 . . 2 4 . 7 5 . 1 2 . . . Terminals 12 | . 2 . . 2 1 . 6 . . . 1 . . . Botnet 10 | . 1 . . 2 1 . 5 . . . 1 . . . Detonate 1 | . 1 . . . . . . . . . . . . . Operators 1 | . . . . . . . 1 . . . . . . . Fabricators . | . . . . . . . . . . . . . . . Repair Stations 3 | . . . . . . . . 2 . . 1 . . . Patch 3 | . . . . . . . . 2 . . 1 . . . Recycling Units 9 | . 1 . . . 3 . 1 3 . 1 . . . . Tunnel 4 | . 1 . . . 3 . . . . . . . . . Fedlink 4 | . . . . . . . 1 2 . 1 . . . . Scrapoids 1 | . . . . . . . . 1 . . . . . . Scanalyzers . | . . . . . . . . . . . . . . . Garrison Access . | . . . . . . . . . . . . . . . Data Cores Recovered 2 | . . . . . . . 2 . . . . . . . Used 1 | . . . . . . . 1 . . . . . . . Hacking Detections 36 | . 3 . 1 6 3 . 9 3 . 5 1 2 1 2 Full Trace Events 14 | . 2 . 1 3 3 . 2 . . 2 . 1 . . Feedback Events . | . . . . . . . . . . . . . . . Feedback Blocked . | . . . . . . . . . . . . . . . Robot Schematics Acquired 2 | . . . . 1 . . . . . . . . 1 . Robots Built . | . . . . . . . . . . . . . . . Authchips . | . . . . . . . . . . . . . . . Time . | . . . . . . . . . . . . . . . Total Robot Build Rating . | . . . . . . . . . . . . . . . Part Schematics Acquired 11 | . . . . . . . . . . . . . 11 . Parts Built . | . . . . . . . . . . . . . . . Authchips . | . . . . . . . . . . . . . . . Time . | . . . . . . . . . . . . . . . Total Part Build Rating . | . . . . . . . . . . . . . . . Parts Repaired 1 | . . . . 1 . . . . . . . . . . Time 52 | . 26 . . 26 . . . . . . . . . . Parts Recycled . | . . . . . . . . . . . . . . . Recycled Matter . | . . . . . . . . . . . . . . . Retrieved Matter . | . . . . . . . . . . . . . . . Retrieved Components 4 | . . . . . 4 . . . . . . . . . Parts Scanalyzed . | . . . . . . . . . . . . . . . Part Schematics Acquired . | . . . . . . . . . . . . . . . Parts Damaged . | . . . . . . . . . . . . . . . Bothacking | -11 -10 -10 -9 -9 -9 -9 -6 -5 -5 -5 -4 -3 -3 -3 ------------ Run | Yrd Mat Min Mat Sto Rec Scr Fac Fac Was Fac Fac Res Qua Frg Used RIF Installer . | . . . . . . . . . . . . . . . Robots Hacked . | . . . . . . . . . . . . . . . Non-combat . | . . . . . . . . . . . . . . . Combat . | . . . . . . . . . . . . . . . Robot Hacks Applied . | . . . . . . . . . . . . . . . Relay Couplers Released 3 | . . . . . . . 3 . . . . . . . Programmers 3 | . . . . . . . 3 . . . . . . . Fabnet Peak Effective % . | . . . . . . . . . . . . . . . Robots Rewired 4 | . . . . . 4 . . . . . . . . . Allies Hacked . | . . . . . . . . . . . . . . . Hacks Repelled . | . . . . . . . . . . . . . . . Allies | -11 -10 -10 -9 -9 -9 -9 -6 -5 -5 -5 -4 -3 -3 -3 -------- Run | Yrd Mat Min Mat Sto Rec Scr Fac Fac Was Fac Fac Res Qua Frg Total Allies 14 | . . . . . 4 5 . 5 . . . . . . Largest Group 9 | . . . . . 4 9 6 5 . . . . . . Highest-Rated Group 285 | . . . . . 50 285 245 238 . . . . . . Highest-Rated Ally 50 | . . . . . 15 47 47 50 . . . . . . Total Orders . | . . . . . . . . . . . . . . . Ally Attacks 191 | . . . . . . . 125 66 . . . . . . Total Damage 4226 | . . . . . . . 2580 1646 . . . . . . Kills 31 | . . . . . . . 22 9 . . . . . . Allies Corrupted 1 | . . . . . . . 1 . . . . . . . Allies Melted . | . . . . . . . . . . . . . . . Intel | -11 -10 -10 -9 -9 -9 -9 -6 -5 -5 -5 -4 -3 -3 -3 ------- Run | Yrd Mat Min Mat Sto Rec Scr Fac Fac Was Fac Fac Res Qua Frg Active Infowar (turns) 2591 | . . . . . . . 19 409 49 215 805 119 833 142 Optics 852 | . . . . . . . . . . . . . 710 142 Sensors 1298 | . . . . . . . . 409 49 215 625 . . . Terrain 2 | . . . . . . . . . . 2 . . . . Structural 455 | . . . . . . . . . . . 180 119 156 . Jamming 19 | . . . . . . . 19 . . . . . . . Robot Analysis Total 2 | . . . 1 . . . 1 . . . . . . . Derelict Logs Recovered . | . . . . . . . . . . . . . . . Drone Launches . | . . . . . . . . . . . . . . . Drone Recoveries . | . . . . . . . . . . . . . . . Exploration | -11 -10 -10 -9 -9 -9 -9 -6 -5 -5 -5 -4 -3 -3 -3 ------------- Run | Yrd Mat Min Mat Sto Rec Scr Fac Fac Was Fac Fac Res Qua Frg Turns Passed 8373 | . 290 31 336 437 849 1713 804 1064 49 242 842 119 1455 142 Spaces Moved 5426 | 1 210 39 177 169 498 1187 639 658 110 495 519 69 576 79 Core 85 | . . . . . . 1 . 24 . 43 14 . 1 2 Treads 459 | . . . 147 169 143 . . . . . . . . . Legs 2180 | 1 39 . . . . 709 639 572 . . . . 205 15 Wheels 2019 | . 171 39 30 . 355 477 . 3 . . 505 69 370 . Hover 202 | . . . . . . . . . . 140 . . . 62 Flight 481 | . . . . . . . . 59 110 312 . . . . Fastest Speed 34 | 120 80 80 80 160 90 90 103 40 34 36 50 110 110 52 Average Speed 114 | 120 87 80 146 160 118 131 105 116 37 38 119 110 154 73 Slowest Speed 2200 | 120 120 80 160 240 160 800 107 177 40 102 130 110 2200 190 Overloaded Moves 11 | . . . . . . . . . 3 8 . . . . Propulsion Burnouts . | . . . . . . . . . . . . . . . Robots Hopped 9 | . . . . . . . . 1 2 6 . . . . Potential Cave-ins . | . . . . . . . . . . . . . . . Cave-ins Triggered . | . . . . . . . . . . . . . . . Exploration Rate (%) 29 | 1 35 13 11 28 81 52 17 18 86 20 13 3 57 6 Regions Visited 14 Branch Regions 6 Pre-discovered Areas 5 | . 1 . . . 3 . . 1 . . . . . . Known Exits Taken 4 | . . . . . . . 1 . . 1 1 1 . . Unknown Exits Taken 8 | 1 1 1 1 1 1 1 . . . . . . 1 . Scrap Searched 8 | . . . . . . 8 . . . . . . . . Spaces Dug 2 | . . . . . . . . . . . . . 1 1 Terrain Destroyed 307 | . 27 . . 31 9 . . 127 . 25 16 13 58 1 Melee 2 | . . . . . . . . . . . . . 1 1 Projectile 109 | . . . . . . . . 47 . 1 7 . 54 . AOE 196 | . 27 . . 31 9 . . 80 . 24 9 13 3 . Terrain Rammed . | . . . . . . . . . . . . . . . Walls Destroyed . | . . . . . . . . . . . . . . . Machines Disabled . | . . . . . . . . . . . . . . . Actions | -11 -10 -10 -9 -9 -9 -9 -6 -5 -5 -5 -4 -3 -3 -3 --------- Run | Yrd Mat Min Mat Sto Rec Scr Fac Fac Was Fac Fac Res Qua Frg Total 6831 | . 265 38 225 259 699 1344 721 830 114 536 676 93 894 137 Wait 341 | . 6 . 4 25 80 97 12 18 2 17 44 1 30 5 Move 5397 | . 209 38 176 168 497 1186 638 656 106 483 518 68 575 79 Hop 8 | . . . . . . . . 1 1 6 . . . . Pick Up 111 | . 6 . 8 5 3 17 12 11 . 2 30 1 16 . Fast Attach 105 | . 3 . 7 2 7 5 3 7 3 7 22 . 31 8 Attach 92 | . 4 . 3 . 5 5 9 10 1 4 3 5 37 6 Detach 62 | . . . 3 . 4 5 4 5 . 4 6 . 31 . Swap 87 | . 2 . 4 9 7 8 5 22 . 2 8 1 19 . Drop 124 | . 7 . 4 9 6 21 7 25 1 6 10 . 10 18 Fire 312 | . 27 . 15 41 26 . 28 62 . 5 25 8 75 . Melee 101 | . . . . . 6 . . . . . 9 . 65 21 Ram 16 | . . . . . 1 . . 12 . . 1 1 1 . Kick 5 | . 1 . . . . . 3 1 . . . . . . Crush 1 | . . . 1 . . . . . . . . . . . Escape Stasis 4 | . . . . . . . . . . . . . 4 . Rewire 65 | . . . . . 57 . . . . . . 8 . . Trap . | . . . . . . . . . . . . . . . Miscellaneous . | . . . . . . . . . . . . . . . Route ------- -11/Scrapyard -10/Materials -10/Mines (discovered 2 exits: *Mat x2) -9/Materials -9/Storage -9/Recycling (discovered 2 exits: [*Fac] / [*Scr]) -9/Scraptown -6/Factory (discovered 4 exits: *Fac x4) -5/Factory -5/Waste -5/Factory -4/Factory -3/Research -3/Quarantine (discovered 2 exits: [*Sec] / *Frg) -3/Protoforge History --------- Turn | Location | Event 1 | -11/Scrapyard | Discovered new exit (range 0) 1 | -11/Scrapyard | Entered Materials 277 | -10/Materials | Core integrity fell below 50% 281 | -10/Materials | Core integrity fell below 20% 284 | -10/Materials | Discovered new exit (range 7) 291 | -10/Materials | Entered Mines 301 | -10/Mines | Discovered new exit (range 8) 305 | -10/Mines | Build established: Mutant 316 | -10/Mines | Discovered new exit (range 9) 322 | -10/Mines | Entered Materials 322 | -9/Materials | Evolved 2 slots: Utility x2 322 | -9/Materials | Discovered new exit (range 14) 658 | -9/Materials | Entered Storage 774 | -9/Storage | Repaired Lgt. Treads 939 | -9/Storage | Garrison activated, responded to threat 964 | -9/Storage | Destroyed 7 combat bots 1092 | -9/Storage | Used back door to open Recycling access 1092 | -9/Storage | Discovered new exit (range 3) 1095 | -9/Storage | Entered Recycling 1379 | -9/Recycling | Core integrity fell below 50% 1411 | -9/Recycling | Lost 7 parts (1p2n1u3w) 1562 | -9/Recycling | Discovered new exit (range 15) 1846 | -9/Recycling | Scanned before Scraplab entrance 1914 | -9/Recycling | Entered Scraplab 1922 | -9/Recycling | Discovered new exit (range 3) 1923 | -9/Recycling | Build established: Commander-Mutant 1944 | -9/Recycling | Entered Scraptown 1944 | -9/Scraptown | Accompanied by 4 allies 1944 | -9/Scraptown | System corruption cleaned by C-Scrubber 2170 | -9/Scraptown | Visited UFD Registry 2170 | -9/Scraptown | Registered with UFD as "Wireflow" 2226 | -9/Scraptown | Visited Research Penetration Think Tank 2259 | -9/Scraptown | Visited DA-N13 Charitable Foundation 2271 | -9/Scraptown | Found DCF Scrap (27 items) 2312 | -9/Scraptown | Visited Supply Room 2389 | -9/Scraptown | Visited Scrapoid Pod Storage 2398 | -9/Scraptown | Found Scrapoid Pod 2538 | -9/Scraptown | Visited Modified Component R&D 2628 | -9/Scraptown | Visited Scrap Suit Storage 2638 | -9/Scraptown | Found Scrap Suit 2701 | -9/Scraptown | Visited Infowarlord's Domain 2707 | -9/Scraptown | Found Exp. Signal Interpreter 2728 | -9/Scraptown | Visited Science Testing Area 3016 | -9/Scraptown | Visited Bundlers 3199 | -9/Scraptown | Scrapoid Pod released 09S05-D (x5) 3527 | -9/Scraptown | Build established: Commander-Scrapper 3582 | -9/Scraptown | Met Optimus 3582 | -9/Scraptown | Accepted into 0bPrime 3631 | -9/Scraptown | Discovered new exit (range 3) 3657 | -9/Scraptown | Entered Factory 3657 | -6/Factory | Accompanied by 6 allies 3657 | -6/Factory | Evolved 6 slots: Propulsion x2, Utility x3, Weapon x1 3783 | -6/Factory | Central database locked down 3970 | -6/Factory | Loaded intel: 8 recycling unit locations 4085 | -6/Factory | Build established: Hacker-Scrapper 4143 | -6/Factory | Identified exit to Factory 4171 | -6/Factory | Spotted B-75 Beast 4184 | -6/Factory | Allies destroyed B-75 Beast 4461 | -6/Factory | Entered another Factory area 4461 | -5/Factory | Accompanied by 3 allies 4461 | -5/Factory | Evolved 2 slots: Utility x1, Weapon x1 4802 | -5/Factory | Loaded intel: 8 recycling unit locations 4802 | -5/Factory | Learned location of Protoforge (-3) 5010 | -5/Factory | Destroyed 10 combat bots 5017 | -5/Factory | Lost 4 parts (1p1n2u) 5061 | -5/Factory | First assault squad dispatched 5085 | -5/Factory | Scrapoids reinforcements arrived? 5356 | -5/Factory | P-70 Sage assimilated allied 05F06-D 5404 | -5/Factory | System corruption reached 10% 5445 | -5/Factory | System corruption reached 30% 5500 | -5/Factory | Lost 17 parts (1p5n6u5w) 5525 | -5/Factory | Manually triggered Chute Trap 5525 | -5/Factory | Sucked down chute 5525 | -5/Factory | Entered Waste 5530 | -5/Waste | Spotted C-40 Crusher 5540 | -5/Waste | EMP discharged 5552 | -5/Waste | Spotted C-40 Crusher 5553 | -5/Waste | Spotted C-40 Crusher 5553 | -5/Waste | Spotted C-40 Crusher 5557 | -5/Waste | Spotted C-40 Crusher 5564 | -5/Waste | Spotted C-40 Crusher 5571 | -5/Waste | Discovered new exit (range 10) 5574 | -5/Waste | Identified exit to Factory 5574 | -5/Waste | Entered Factory 5608 | -5/Factory | Loaded intel: 8 recycling unit locations 5729 | -5/Factory | Core integrity fell below 50% 5804 | -5/Factory | Discovered new exit (range 14) 5810 | -5/Factory | Identified exit to Factory 5816 | -5/Factory | Entered another Factory area 5816 | -4/Factory | Evolved 2 slots: Power x1, Utility x1 5830 | -4/Factory | Lost 8 parts (1p4n2u1w) 6089 | -4/Factory | Build established: Mutant 6474 | -4/Factory | Lost 3 parts (2u1w) 6499 | -4/Factory | Build established: Scavenger-Gunner 6549 | -4/Factory | Found Heavy Servo Lattice 6570 | -4/Factory | Found Heavy Servo Lattice 6653 | -4/Factory | Discovered new exit (range 4) 6657 | -4/Factory | Identified exit to Research 6658 | -4/Factory | Entered Research 6658 | -3/Research | Evolved 2 slots: Propulsion x1, Utility x1 6679 | -3/Research | Lost 3 parts (1u2w) 6700 | -3/Research | Discovered new exit (range 13) 6745 | -3/Research | Garrison activated, responded to threat 6776 | -3/Research | Identified exit to Quarantine 6777 | -3/Research | Entered Quarantine 6991 | -3/Quarantine | Found Alien Energy Cannon 6991 | -3/Quarantine | Identified Core Cannon 7217 | -3/Quarantine | Destroyed 8 combat bots 7237 | -3/Quarantine | Scanned by Researcher 7303 | -3/Quarantine | Lost 15 parts (2p3n7u3w) 7307 | -3/Quarantine | Found Alien Artifact 7499 | -3/Quarantine | System corruption reached 10% 7748 | -3/Quarantine | Core integrity fell below 50% 7802 | -3/Quarantine | Lost 8 parts (1p5n2u) 7948 | -3/Quarantine | Lost 7 parts (3p1n1u2w) 8003 | -3/Quarantine | Build established: Scavenger-Mutant 8136 | -3/Quarantine | Spotted Fortress 8220 | -3/Quarantine | Discovered new exit (range 6) 8220 | -3/Quarantine | Discovered new exit (range 7) 8232 | -3/Quarantine | Entered Protoforge 8248 | -3/Protoforge | Superfortress began startup sequence 8295 | -3/Protoforge | Lost 3 parts (2n1u) 8335 | -3/Protoforge | Core integrity fell below 20% 8374 | -3/Protoforge | Destroyed by P-80 Master with Gamma Rifle Last Messages --------------- 08334_ Pattern Transfigurator disabled. 08335_ K-01 Serf collects debris. 08340_ Imp. Antigrav System destroyed. 08343_ K-01 Serf collects debris. 08343_ Imp. Antigrav System destroyed. 08344_ Lgt. Antimatter Reactor destroyed. 08344_ P-80 Master destroyed. 08346_ K-01 Serf collects debris. 08347_ Acquired 68 matter. 08349_ Acquired Imp. Antigrav System. 08349_ K-01 Serf collects debris. 08350_ System corrupted: Imp. Antigrav System rejected. 08350_ Acquired Imp. Antigrav System. 08350_ Lgt. Antimatter Reactor destroyed. 08352_ Acquired Mic. Antimatter Reactor. 08353_ K-01 Serf collects debris. 08364_ Destroyed Gamma Rifle. 08367_ Com. HERF Cannon destroyed. 08368_ System corrupted: Component data lost. 08368_ K-01 Serf collects debris. Map ----- +----------------------------------------------------+ | ?????????????????????????????????????????????????? | | ?????????????????????????????????????????????????? | | ?????????????????????????????????????????????????? | | ?????????????????????????????????????????????????? | | ????????????????????? ??? ?????????????????????? | | ??????????????? ??? ??? ????????????????????? | | ????????????? ??? ??? ????????????????????? | | ??????????# ??? ??? ????????????????????? | | ??????????# ??? ??? ???????????????????? | | ??????????# ^??" "?" ????????????????????? | | ????????### ??" "?" ????????????????????? | | ????????# ? ? ????????????????????? | | ????????# "?" "?" ?????????????????????? | | ????????# """ """ ????????????????????? | | ????????# """ """ ?????????????????????? | | ????????# #?????????????????????? | | ????????# """ """ #?????????????????????? | | ????????# """ """ #?????????????????????? | | ????????# """ """u #?????????????????????? | | ????????# #?????????????????????? | | ????????# """ """ #?????????????????????? | | ????????# """ """ #?????????????????????? | | ????????# """ """ #?????????????????????? | | ????????# #?????????????????????? | | ######### """ """ p#?????????????????????? | | """ " @ #?????????????????????? | | """ " # "????????????? | | ^ k| + ""????????????? | | [ # ???????????????????? | | ###########+#####!! #?????????????????????? | | #?????# # #?????????????????????? | | #?????# """S""" # #?????????????????????? | | #?????# """ """ # #?????????????????????? | | #?????# # #?????????????????????? | | =[=############"#### #?????????????????????? | | ?#!]]/# #??# #?????????????????????? | | ?#! !=# """ """"" #??# #?????????????????????? | | ?#!* |# """ ""T"" #??# #?????????????????????? | | ?#[] !# """ #??# #?????????????????????? | | ?#*! [# """ #??# #?????????????????????? | | # # """ #??# #?????????????????????? | | # + """ #??# #?????????????????????? | | + # """ #??# #?????????????????????? | | # # #??# #?????????????????????? | | # # #??? #?????????????????????? | | ## # #??? #?????????????????????? | | # #??? ?????????????????????? | | ##############??? ???????????????????????? | | #??????????????????????????????????????????? | | #??????????????????????????????????????????? | +----------------------------------------------------+ Best States ------------- Heat Dissipation 91 Coolant Potential 65 Energy Generation 53 Energy Capacity 635 Matter Stores 300 Matter Capacity 450 Sight Range 20 Robot Scan Range 16 Terrain Scan Density 10 Jamming Range 12 Additional Mass Support 12 Armor Coverage 1200 Resistance: KI 30 Resistance: TH 25 Resistance: EM 25 Power Shielding 33 Phase Shifting 10 Evasion (%) 62 Targeting Accuracy 18 Melee Accuracy 8 Target Analysis 12 Armor Integrity Analysis 40 Recoil Reduction 2 Kinecelleration 40 Offensive Hacking 40 Defensive Hacking 14 Item Schematics ----------------- Mni. Smartbomb Launcher | -3/Quarantine | Archive Hvy. Neutron Cannon | -3/Quarantine | Archive Lgt. Antimatter Cannon | -3/Quarantine | Archive Imp. Thermal Defense Suite | -3/Quarantine | Archive Cld. Fission Core | -3/Quarantine | Archive Centrium Heavy Armor Plating | -3/Quarantine | Archive Adv. EM Disruption Field | -3/Quarantine | Archive Hds. Centrium Wheel | -3/Quarantine | Archive Coolant Network | -3/Quarantine | Archive Plasma Lance | -3/Quarantine | Archive Adv. Myomer Leg | -3/Quarantine | Archive Robot Schematics ------------------ A-02 Transporter | -9/Storage | Hacked S-43 Plague | -3/Quarantine | Archive Fabricated ------------ Nothing Repaired ---------- Lgt. Treads | 38% | -9/Storage Alien Tech Used ----------------- Core Cannon Achievements -------------- None Challenges ------------ None Game ------ Seed HeatDrainedCloak Manual? 0 Play Time 01:07:40 Cumulative 1054.7 hours Start 2025.05.21 @ 15:01:10 End 2025.05.21 @ 16:11:05 Sessions 1 Manual Loads 0 Difficulty Rogue Special Mode None Game No. 1307 Rogue 1024 Adventurer 124 Explorer 159 Win Type - Total 47 Types 33/0/8/4/1/0/0/1/0/0 Lore% 91 Gallery% 86 Achievement% 80 Wizard Run 0 Options --------- Layout 0 ASCII 0 Keyboard 1 Movement Numpad Keybinds 0 Fullscreen 2 Font 18/X11 Map View 76x50 Zoom Use 0% Tactical HUD 1 Map Filters NONE Filters NONE Steam 1 RUN: 436230b4-aff0-48a5-9a5d-7bdfdf80a53f